 Dungeon Crawl Stone Soup version 0.24.0-123-gd5b16e6ec5 (webtiles) character file.

Game seed: 13047637242055724761, levelgen mode: deterministic

55 FishyPogo the Chopper (level 3, 0/33 HPs)
             Began as a Hill Orc Monk on Dec 31, 2019.
             Was a Believer of Okawaru.
             Slain by a gnoll
             ... wielding a +0 spear
              (5 damage)
             ... on level 1 of the Dungeon.
             The game lasted 00:04:16 (1307 turns).

FishyPogo the Chopper (Hill Orc Monk)               Turns: 1307, Time: 00:04:16

Health: 0/33       AC:  4    Str: 14    XL:     3   Next: 93%
Magic:  3/3        EV: 13    Int: 10    God:    Okawaru [**....]
Gold:   36         SH:  0    Dex: 13    Spells: 2/2 levels left

rFire    . . .     SeeInvis .   a - +0 hand axe
rCold    . . .     Gourm    .   (no shield)
rNeg     . . .     Faith    .   b - +0 robe
rPois    .         Spirit   .   n - +2 hat
rElec    .         Reflect  .   (no cloak)
rCorr    +         Harm     .   (no gloves)
MR       .....                  (no boots)
Stlth    ++........             (no amulet)
HPRegen  0.11/turn              l - ring of resist corrosion
MPRegen  0.08/turn              (no ring)

@: no status effects
A: no striking features
a: Heroism, Renounce Religion


You were on level 1 of the Dungeon.
You worshipped Okawaru.
Okawaru was pleased with you.
You were not hungry.

You visited 1 branch of the dungeon, and saw 2 of its levels.

You collected 36 gold pieces.

Inventory:

Hand Weapons
 a - a +0 hand axe (weapon)
Missiles
 d - 4 atropa-tipped darts
 e - 49 stones (quivered)
 o - 11 poisoned darts
Armour
 b - a +0 robe (worn)
 n - a +2 hat (worn)
 q - a -1 leather armour
Jewellery
 l - a ring of resist corrosion (left hand)
Scrolls
 f - 2 scrolls of identify {unknown}
 h - a scroll of random uselessness {unknown}
 k - a scroll of magic mapping {unknown}
 m - a scroll of noise {unknown}
Potions
 g - 3 potions of might {unknown}
 i - a potion of curing {unknown}
 j - a potion of heal wounds {unknown}
Comestibles
 c - 2 rations
 p - 2 chunks of flesh


   Skills:
 * Level 4.2 Fighting
 + Level 4.3 Axes
 * Level 1.3 Armour
 * Level 2.8 Dodging
 + Level 1.9 Stealth
 + Level 0.8 Invocations


You had 2 spell levels left.
You didn't know any spells.
Your spell library was empty.

Dungeon Overview and Level Annotations

Branches:
Dungeon (2/15)

Altars:
Okawaru
Qazlal


Message History

The gnoll barely misses you. The gnoll closely misses you.
You climb upwards.
There is a stone staircase leading down here.
You closely miss the gnoll.
The gnoll is heavily wounded.
The gnoll hits you with a +0 spear.
You closely miss the gnoll.
The gnoll is heavily wounded.
The gnoll hits you with a +0 spear!
* * * LOW HITPOINT WARNING * * *
You hit the gnoll.
The gnoll is severely wounded.
The gnoll misses you.
You closely miss the gnoll.
The gnoll is severely wounded.
The gnoll hits you but does no damage.
You hit the gnoll but do no damage.
The gnoll is severely wounded.
The gnoll hits you with a +0 spear.
You die...

############## #.#.....#.....)...
.............# #.#.....#.#.......
############.###.#.....#.########
# #..##.#.....#.# #
##.##.#.....#.###### #
#..#.#.....+......# ##
##.#.##....#.####.# .#
#######'#'##....#.# #.# .#
#.......g@.....##.# #.#
.#######........).###.##.# #.#
..................# #.##.####.#
..................# #.#.......#
..................# #.#..######
.#######..........# #.#..# ##
#..........# #.#..# ############
#.#..# #.#..#


You could see a gnoll.

Vanquished Creatures
  A gnoll (D:2)
  2 oozes
  A dart slug (D:1)
  A leopard gecko (D:1)
  A giant cockroach (D:1)
  5 goblins
  5 hobgoblins (D:1)
  7 kobolds
  A quokka (D:2)
  A ball python (D:2)
  3 bats
  3 frilled lizards
  2 rats
33 creatures vanquished.

Notes
Turn   | Place    | Note
-------+----------+-------------------------------------------
     0 | D:1      | FishyPogo the Hill Orc Monk began the quest for the Orb.
     0 | D:1      | Reached XP level 1. HP: 19/19 MP: 1/1
    40 | D:2      | Reached XP level 2. HP: 21/27 MP: 2/2
    41 | D:2      | Found an iron altar of Okawaru.
    46 | D:2      | Found a stormy altar of Qazlal.
    51 | D:2      | Became a worshipper of Warmaster Okawaru
    51 | D:2      | Reached * piety under Okawaru
    51 | D:2      | Reached ** piety under Okawaru
   578 | D:1      | Reached skill level 1 in Armour
   671 | D:1      | Reached XP level 3. HP: 31/33 MP: 3/3
  1307 | D:1      | Slain by a gnoll

Levels and vault maps discovered:
D:1:      zaba_arrival_water, layout_basic, chequers_serial_rivers_micro_c
D:2:      layout_rooms, grunt_temple_overflow_open

Skill      XL: |  1  2 |
---------------+-------+-----
Fighting       | 4 |  4.2
Armour         | 1 |  1.3
Axes           | |  4.3
Dodging        | |  2.8
Stealth        | |  1.9
Invocations    | |  0.8

Action                   || total
-------------------------++-------
Melee: Hand axe          ||   107
Throw: Stone             ||    29
  Use: Scroll            ||     1
 Stab: Sleeping          ||     1
  Eat: Chunk             ||     1
Armor: Robe              ||    32
Dodge: Dodged            ||    81
